 Dungeon Crawl Stone Soup version 0.28-a0-1555-g9ae15a6949 (webtiles) character file.

Game seed: 941328734109210072

21 derath95 the Skirmisher (level 2, -2/24 HPs)
             Began as a Demonspawn Fighter on Jan 18, 2022.
             Killed from afar by an orc wizard (3 damage)
             ... with a magic dart
             ... on level 2 of the Dungeon.
             The game lasted 00:02:21 (909 turns).

derath95 the Skirmisher (Demonspawn Fighter)         Turns: 909, Time: 00:02:21

Health: -2/24      AC:  6    Str: 16    XL:     2   Next: 62%
Magic:  2/2        EV:  8    Int:  9    God:
Gold:   54         SH:  0    Dex: 14    Spells: 2/2 levels left

rFire   . . .      SeeInvis .   a - +0 war axe
rCold   . . .      Faith    .   c - +0 buckler
rNeg    . . .      Spirit   .   b - +0 scale mail
rPois   .          Reflect  .   (no helmet)
rElec   .          Harm     .   (no cloak)
rCorr   .          Rampage  .   (no gloves)
Will    .....                   (no boots)
Stlth   ..........              (no amulet)
HPRegen 0.08/turn               (no ring)
MPRegen 0.08/turn               (no ring)

@: confused
A: thin skeletal structure 1
a: no special abilities


You were on level 2 of the Dungeon.
You visited 1 branch of the dungeon, and saw 2 of its levels.

You collected 54 gold pieces.

Inventory:

Hand Weapons
 a - a +0 war axe (weapon)
Armour
 b - a +0 scale mail (worn)
 c - a +0 buckler (worn)
Scrolls
 e - a scroll of blinking {unknown}
 f - a scroll of enchant weapon {unknown}
 g - a scroll of enchant armour {unknown}
 i - 2 scrolls of identify {unknown}
Potions
 d - a potion of might
 h - a potion of haste {unknown}
 j - a potion of curing {unknown}
 k - a potion of lignification {unknown}


   Skills:
 + Level 3.1 Fighting
 + Level 2.0 Axes
 + Level 0.5(1.4) Maces & Flails
 + Level 2.8 Armour
 + Level 2.9 Shields
 + Level 0.5 Spellcasting


You had 2 spell levels left.
You didn't know any spells.
Your spell library was empty.

Dungeon Overview and Level Annotations

Branches:
Dungeon (2/15)

Altars:


Innate Abilities, Weirdness & Mutations

You have a somewhat thin skeletal structure. (Dex +2, Stealth+)


Message History

The orc wizard hits you with a +0 dagger.
The orc wizard hits you but does no damage. x2
You miss the orc wizard. You completely miss the orc wizard.
The orc wizard gestures at you while chanting.
You resist with significant effort. The orc wizard casts a spell at you.
The magic dart hits you!
The orc wizard hits you with a +0 hand axe.
You're too confused to move!
The orc wizard hits you but does no damage.
The orc wizard hits you with a +0 hand axe.
* * * LOW HITPOINT WARNING * * *
You hit the orc wizard.
The orc wizard is lightly wounded.
You completely miss the orc wizard.
The orc wizard gestures at you while chanting.
You are more confused.
The orc wizard points at you and mumbles some strange words.
You are more confused.
A dart slug comes into view.
You bump into the rock wall.
The orc wizard points at you and mumbles some strange words.
You are more confused.
The orc wizard hits you with a +0 hand axe.
* * * LOW HITPOINT WARNING * * *
The orc wizard hits you but does no damage.
You're too confused to move!
The orc wizard gestures at you while chanting.
You resist with significant effort.
The orc wizard hits you with a +0 dagger.
* * * LOW HITPOINT WARNING * * *
You're too confused to move!
The orc wizard hits you but does no damage.
The orc wizard hits you with a +0 dagger.
* * * LOW HITPOINT WARNING * * *
You miss the orc wizard.
You hit the orc wizard but do no damage.
The orc wizard casts a spell at you. The magic dart hits you.
You die...

####.##.####†#
###.......(....#
...............##.#...
.#.##................
####.###.####.... # #
#.# #.# #..## #..
#.#####.# #.# #..#
....#.#.o...# #.# #..#
#...w.o@..###.####..#
#.#.).............†.#
###.###.###.####..#
#.. ..# #.......#
####### ######.####.
#.<.... ######.


You could see 2 orc wizards and a dart slug.

Vanquished Creatures
  An orc (D:2)
  2 endoplasms (D:1)
  2 goblins (D:1)
  A hobgoblin (D:1)
  3 kobolds (D:1)
  3 ball pythons
  4 bats (D:1)
  3 frilled lizards
19 creatures vanquished.

Vanquished Creatures (others)
  A plant (D:1)
1 creature vanquished.

Grand Total: 20 creatures vanquished

Notes
Turn   | Place    | Note
-------+----------+-------------------------------------------
     0 | D:1      | derath95 the Demonspawn Fighter began the quest for the
                  | Orb.
     0 | D:1      | Reached XP level 1. HP: 18/18 MP: 1/1
   355 | D:1      | Gained mutation: You have a somewhat thin skeletal
                  | structure. (Dex +2, Stealth+) [demonic ancestry]
   355 | D:1      | Reached XP level 2. HP: 18/24 MP: 2/2
   547 | D:1      | Found a faded altar of an unknown god.
   906 | D:2      | HP: 1/24 [orc wizard (2)]
   909 | D:2      | Killed from afar by an orc wizard

Illustrated notes

Levels and vault maps discovered:
D:1:      minmay_arrival_plants_in_alcoves, layout_basic,
          chequers_ecumenical_altar_island
D:2:      layout_loops_ring, minivault_5, nicolae_underground_beach, uniq_robin

Skill      XL: |  1  2 |
---------------+-------+-----
Axes           | 2 |  2.0
Fighting       | |  3.1
Maces & Flails | |  0.5
Armour         | |  2.8
Shields        | |  2.9
Spellcasting   | |  0.5

Action                   || total
-------------------------++-------
Melee: War axe           ||    46
Armor: Scale mail        ||    26
Dodge: Dodged            ||    13
Block: Buckler           ||     5

Table legend: (Time is in decaauts)
 A = Elapsed time spent in this place.
 B = Non-inter-level travel time spent in this place.
 C = Inter-level travel time spent in this place.
 D = Time resting spent in this place.
 E = Time spent auto-exploring this place.
 F = Levels seen in this place.
 G = Mean time per level.
                   A        B        C        D        E       F      G
               +--------+--------+--------+--------+--------+-----+--------+
         Total |    934 |    934 |      0 |      0 |    694 |   2 |  467.0 |
       Dungeon |    934 |    934 |      0 |      0 |    694 |   2 |  467.0 |
               +--------+--------+--------+--------+--------+-----+--------+

Top non-repeatable levels by time:
     D:1: 881 daAuts
     D:2: 53 daAuts
